 Dungeon Crawl Stone Soup version 0.28.0 (webtiles) character file.

Game seed: 4286529431442458442

4428 tilp the Cleaver (level 10, -4/85 (86) HPs)
             Began as a Minotaur Berserker on Feb 9, 2022.
             Was an Elder of Trog.
             Slain by a spriggan defender simulacrum (15 damage)
             ... on level 2 of the Abyss.
             The game lasted 00:08:27 (6375 turns).

tilp the Cleaver (Minotaur Berserker)               Turns: 6375, Time: 00:08:27

HP:   -4/85 (86)    AC: 15    Str: 25    XL:     10   Next: 14%
MP:   9/9           EV: 10    Int:  4    God:    Trog [****..]
Gold: 301           SH:  6    Dex: 17    Spells: 9/9 levels left

rFire   . . .      SeeInvis .   a - +3 hand axe (vorpal)
rCold   . . .      Faith    .   h - +0 buckler
rNeg    . . .      Spirit   .   p - +1 chain mail {rPois}
rPois   +          Reflect  .   (helmet restricted)
rElec   .          Harm     .   i - +0 cloak
rCorr   .          Rampage  .   x - +1 pair of gloves
Will    .....                   r - +0 pair of boots
Stlth   ..........              e - amulet of regeneration
HPRegen 1.04/turn               d - +6 ring of dexterity
MPRegen 0.11/turn               t - ring of flight

@: flying, studying Axes, lightly drained
A: horns 2, retaliatory headbutt
a: Renounce Religion, Berserk, Trog's Hand, Brothers in Arms


You were on level 2 of the Abyss.
You worshipped Trog.
Trog was greatly pleased with you.
You visited 1 branch of the dungeon, and saw 9 of its levels.
You visited the Abyss 1 time.

You collected 355 gold pieces.
You spent 54 gold pieces at shops.

Inventory:

Hand Weapons
 a - a +3 vorpal hand axe (weapon)
 b - a +4 scimitar of flaming
 A - a +0 war axe
 G - a +0 battleaxe
Missiles
 k - 6 javelins
 q - a throwing net
 u - 24 poisoned darts (quivered)
 v - 7 boomerangs
Armour
 h - a +0 buckler (worn)
 i - a +0 cloak (worn)
 p - a +1 chain mail of poison resistance (worn)
 r - a +0 pair of boots (worn)
 x - a +1 pair of gloves (worn)
Jewellery
 d - a +6 ring of dexterity (left hand)
 e - an amulet of regeneration (around neck)
 t - a ring of flight (right hand)
 z - an amulet of guardian spirit
 C - a ring of fire
Wands
 l - a wand of charming (22)
 B - a wand of digging (1)
 D - a wand of flame (50)
Scrolls
 s - 3 scrolls of enchant weapon
 y - 2 scrolls of identify
 F - 2 scrolls of fog
 H - a scroll of blinking
Potions
 c - 3 potions of ambrosia
 f - a potion of invisibility
 g - a potion of resistance
 j - 3 potions of magic
 m - a potion of heal wounds
 n - 2 potions of cancellation
 o - a potion of flight {unknown}
 w - 4 potions of curing
 E - a potion of attraction {unknown}


   Skills:
 + Level 7.1 Fighting
 + Level 12.8 Axes
 + Level 5.1 Throwing
 - Level 5.2 Armour
 + Level 5.3 Dodging
 + Level 2.7 Stealth
 + Level 5.4 Shields
 + Level 5.0 Evocations


You had 9 spell levels left.
You didn't know any spells.
Your spell library was empty.

Dungeon Overview and Level Annotations

Branches:
Dungeon (9/15)             Temple (0/1) D:5            Lair (0/6) D:8
    Orc: D:9-12

Altars:
Elyvilon
Gozag
Makhleb
Zin

Shops:
D:4 [

Annotations:
D:9 Erolcha


Innate Abilities, Weirdness & Mutations

You have a pair of horns on your head.
You reflexively headbutt those who attack you in melee.


Message History

The spectral spriggan defender hits you!
As you read the scroll labelled QUTSYXZOSK, it crumbles to dust.
You speak a Word of immense power!
The spectral spriggan defender convulses!
The spriggan defender simulacrum convulses!
The spectral fenstrider witch convulses!
It was a scroll of holy word.
The spectral spriggan defender is lost in a daze.
The spectral fenstrider witch is lost in a daze.
The spectral spriggan defender hits you but does no damage.
The spectral fenstrider witch is lost in a daze.
Unknown command.
You closely miss the spriggan defender simulacrum.
You headbutt the spriggan defender simulacrum.
The spriggan defender simulacrum is severely damaged.
You hit the spectral spriggan defender.
The spectral fenstrider witch fades away!
The spriggan defender simulacrum hits you!
The spriggan defender simulacrum freezes you!!
* * * LOW HITPOINT WARNING * * *
The spectral spriggan defender hits you!
* * * LOW HITPOINT WARNING * * *
Unknown command.
Unknown command.
Unknown command.
Unknown command.
The spriggan defender simulacrum closely misses you.
The spriggan defender simulacrum is lost in a daze.
The spriggan defender simulacrum is lost in a daze.
The spriggan defender simulacrum is lost in a daze.
The spriggan defender simulacrum is lost in a daze.
The spriggan defender simulacrum is lost in a daze.
The spriggan defender simulacrum is no longer dazed.
The spriggan defender simulacrum closely misses you.
You furiously retaliate!
You headbutt the spriggan defender simulacrum!
The spriggan defender simulacrum hits you!
* * * LOW HITPOINT WARNING * * *
The spriggan defender simulacrum freezes you!
You die...

# ... ##...### #
#..# #..#... #.### .
.###....#...#..... #
#. .#.......#.#..
..##....#...... #.
##.......#.#....#.#
#...####.z.#.#....##
#.# #.....#.#.§..##
.#. #§.##..#.##@#..#
. #.#..#.z..Z.#...
.....#..#...##.#.
#.##. .###>##......
###.## ##. #...#.
#.. ## .... .. ####


You could see a revenant and a spriggan defender simulacrum.

Vanquished Creatures
  A komodo dragon (D:8)
  An efreet (D:8)
  A raiju (Abyss:2)
  A steam dragon (D:7)
  2 water moccasins
  2 ice beasts
  An orc warrior (D:8)
  A necrophage (D:6)
  A hornet zombie (D:8)
  2 ogres
  A kobold brigand (D:8)
  A phantom (D:7)
  Blork the orc (D:6)
  5 bullfrogs
  3 scorpions
  A wyvern zombie (D:8)
  A water moccasin zombie (D:7)
  A wyvern skeleton (D:5)
  6 killer bees (D:8)
  4 wights (D:6)
  4 centaur zombies
  A lava snake (D:8)
  A bullfrog zombie (D:6)
  An orc priest (D:7)
  3 jellies
  3 hounds
  Crazy Yiuf (D:6)
  A bullfrog skeleton (D:6)
  3 iron imps (D:4)
  Jessica (D:3)
  3 iguanas
  5 orc wizards
  2 killer bee zombies
  A hound skeleton (D:4)
  4 gnolls (D:4)
  8 adders
  A white imp (D:5)
  An adder skeleton (D:4)
  3 worms
  A dart slug (D:4)
  28 orcs
  10 endoplasms
  9 goblins
  8 hobgoblins
  9 jackals
  10 kobolds
  8 ball pythons
  3 bats
  5 frilled lizards
  3 rats
178 creatures vanquished.

Vanquished Creatures (collateral kills)
  A boulder beetle (D:8)
1 creature vanquished.

Vanquished Creatures (others)
  12 plants
12 creatures vanquished.

Grand Total: 191 creatures vanquished

Notes
Turn   | Place    | Note
-------+----------+-------------------------------------------
     0 | D:1      | tilp the Minotaur Berserker began the quest for the Orb.
     0 | D:1      | Reached XP level 1. HP: 19/19 MP: 0/0
   445 | D:1      | Reached skill level 4 in Axes
   445 | D:1      | Reached XP level 2. HP: 27/27 MP: 1/1
   786 | D:2      | Reached XP level 3. HP: 32/33 MP: 2/2
   848 | D:2      | Reached ** piety under Trog
   850 | D:2      | Reached skill level 5 in Axes
  1884 | D:3      | Reached XP level 4. HP: 40/40 MP: 3/3
  1965 | D:3      | Noticed Jessica
  1978 | D:3      | Reached skill level 6 in Axes
  1986 | D:3      | Killed Jessica
  2595 | D:3      | Identified a scroll of acquirement
  2595 | D:3      | Acquired a manual of Axes
  2776 | D:4      | Reached XP level 5. HP: 43/46 MP: 4/4
  2780 | D:4      | Reached skill level 7 in Axes
  2828 | D:4      | Reached *** piety under Trog
  2829 | D:4      | Reached skill level 8 in Axes
  2911 | D:4      | Found a burning altar of Makhleb.
  3011 | D:4      | Reached XP level 6. HP: 52/52 MP: 5/5
  3107 | D:4      | Reached skill level 1 in Shields
  3112 | D:4      | Reached skill level 1 in Throwing
  3201 | D:4      | Found Qocvuu's Armour Boutique.
  3205 | D:4      | Bought a +0 pair of boots for 54 gold pieces
  3358 | D:4      | Reached skill level 1 in Evocations
  3383 | D:4      | Reached skill level 9 in Axes
  3467 | D:5      | Entered Level 5 of the Dungeon
  3601 | D:5      | Reached XP level 7. HP: 60/60 MP: 6/6
  3752 | D:5      | Found a staircase to the Ecumenical Temple.
  4006 | D:5      | Reached skill level 5 in Fighting
  4006 | D:5      | Reached skill level 10 in Axes
  4225 | D:6      | Reached XP level 8. HP: 68/68 MP: 7/7
  4255 | D:6      | Reached **** piety under Trog
  4371 | D:6      | Reached skill level 11 in Axes
  4580 | D:6      | Noticed Blork the orc
  4588 | D:6      | Killed Blork the orc
  4691 | D:6      | Found a runed translucent door.
  4692 | D:6      | Noticed Crazy Yiuf
  4729 | D:6      | Reached skill level 12 in Axes
  4892 | D:6      | Killed Crazy Yiuf
  5068 | D:7      | Reached XP level 9. HP: 67/75 MP: 8/8
  5270 | D:7      | Found a glowing silver altar of Zin.
  5296 | D:7      | Found an opulent altar of Gozag.
  5670 | D:8      | Noticed a boulder beetle
  5678 | D:8      | Killed a boulder beetle
  5679 | D:8      | Reached skill level 1 in Stealth
  5803 | D:8      | Noticed an efreet
  5841 | D:8      | Killed an efreet
  5842 | D:8      | Reached skill level 5 in Armour
  5842 | D:8      | Reached skill level 5 in Shields
  5914 | D:8      | Reached skill level 5 in Dodging
  5927 | D:8      | Reached XP level 10. HP: 84/84 MP: 9/9
  5936 | D:8      | Reached skill level 5 in Throwing
  5987 | D:8      | Identified the +0 plate armour of Love and Death {+Inv rF+}
  6127 | D:8      | Found a white marble altar of Elyvilon.
  6174 | D:8      | Found a staircase to the Lair.
  6187 | D:8      | Reached skill level 5 in Evocations
  6228 | D:9      | Noticed Erolcha
  6240 | D:9      | Cast into level 2 of the Abyss (Erolcha)
  6346 | Abyss:2  | Noticed a revenant
  6352 | Abyss:2  | Noticed a spectral spriggan defender
  6352 | Abyss:2  | Noticed a spectral fenstrider witch
  6375 | Abyss:2  | Slain by a spriggan defender simulacrum

Illustrated notes

Levels and vault maps discovered:
D:1:      dpeg_arrival_central, layout_rooms, hex_medium
D:2:      layout_basic, grunt_ministairs_14
D:3:      layout_loops_ring, uniq_jessica
D:4:      layout_basic, demons_altar, serial_shops, shop,
          minmay_fractal_squares_5
D:5:      layout_loops_cross, temple_green
D:6:      layout_gridville, serial_bayou_pond_c, kennysheep_generic_room_13,
          uniq_blork_the_orc, uniq_crazy_yiuf_cottage
D:7:      layout_loops_ring, pdpol_temple_overflow_zin_treasury_gozag_greed,
          minivault_19
D:8:      layout_cave_pools, kennysheep_little_box, david_lair_shrubbed,
          kennysheep_island_fort
D:9:      layout_basic, uniq_erolcha, uniq_harold, uniq_prince_ribbit1
Abyss:2:  base: D:3, bh_silent_lugonu_exit, hangedman_eye_storm

Skill      XL: |  1  2  3  4  5  6  7  8  9 10 |
---------------+-------------------------------+-----
Fighting       | 4 5 6 7 |  7.1
Axes           | 4 5 6 8 9 10 12 | 12.8
Shields        | 1 2 4 5 |  5.4
Throwing       | 1 2 4 5 |  5.1
Evocations     | 1 2 3 4 5 |  5.0
Armour         | 3 4 5 |  5.2
Dodging        | 3 4 5 |  5.3
Stealth        | 2 |  2.7

Action                   |  1- 3 |  4- 6 |  7- 9 | 10-12 || total
-------------------------+-------+-------+-------+-------++-------
Melee: Hand axe          |    91 |   106 |   220 |    53 ||   470
       Headbutt          |     4 |    16 |    57 |     7 ||    84
Invok: Berserk           |       |       |     3 |     2 ||     5
       Brothers in Arms  |       |       |     1 |       ||     1
Evoke: Wand              |       |     2 |       |       ||     2
  Use: Scroll            |     1 |     9 |     8 |     1 ||    19
 Stab: Distracted        |       |       |       |     1 ||     1
Armor: Ring mail         |    30 |       |       |       ||    30
       Chain mail        |     2 |    36 |    92 |    12 ||   142
Dodge: Dodged            |    54 |    34 |    80 |    12 ||   180
Block: Buckler           |       |    21 |    42 |     6 ||    69
